 Dungeon Sprint DCSS version 0.15-a0-1206-g3bad1a6 (webtiles) character file.

800000 Infinimo the Executioner (level 11, -12/68 HPs)
             Began as a Formicid Earth Elementalist on June 1, 2014.
             Was an Initiate of Makhleb.
             Mangled by a meat berserker
             ... wielding a +9,+9 battleaxe
              (80 damage)
             ... in the Dungeon (Sprint VIII: "Arena of Blood").
             The game lasted 00:00:21 (8 turns).

Infinimo the Executioner (Formicid Earth Elementalist) Turns: 8, Time: 00:00:21

HP -12/68        AC  2     Str 12      XL: 11   Next: 94%
MP  20/20        EV 12     Int 16      God: Makhleb [......]
Gold 0           SH  0     Dex 14      Spells:  1 memorised, 13 levels left

rFire  . . .     SeeInvis +     g - +∞ Axe of Woe
rCold  . . .     Clarity  .     c - +0 robe
rNeg   . . .     rCorr    .     (no shield)
rPois  .         rRot     .     (helmet unavailable)
rElec  .         Spirit   .     (no cloak)
SustAb .         Warding  .     (no gloves)
rMut   .         Stasis   +     (no boots)
Gourm  .                        (no amulet)
MR     +....                    (no ring)
                                (no ring)

@: somewhat resistant to hostile enchantments, unstealthy
A: permanent stasis, dig shafts and tunnels, four strong arms, antennae 3
a: Dig, Renounce Religion


You were in the Dungeon.
You worshipped Makhleb.
Makhleb was noncommittal.
You were not hungry.

You visited 1 branch

Inventory:

Hand weapons
 g - the +∞,+∞ Axe of Woe (weapon)
   (You found it in the Dungeon)
Missiles
 b - 20 stones (quivered)
Armour
 c - a +0 robe (worn)
Comestibles
 a - a bread ration
Potions
 e - a potion of curing
 f - a potion of heal wounds
 h - 2 potions of magic
Books
 d - a book of Geomancy

   Spells                             Type                      Level
   *Sandblast                         Earth                        1
   Stoneskin                          Transmutation/Earth          2
   Passwall                           Transmutation/Earth          3
   Stone Arrow                        Conjuration/Earth            3
   Petrify                            Transmutation/Earth          4
   Lee's Rapid Deconstruction         Earth                        5


   Skills:
 + Level 24.7 Axes
 - Level 1.7 Dodging
 - Level 2.4 Stealth
 - Level 2.1 Spellcasting
   Level 1.1 Transmutations
 - Level 3.6 Earth Magic


You had 13 spell levels left.
You knew the following spells:

 Your Spells              Type           Power        Failure   Level  Hunger
a - Sandblast             Erth           ##....       6%          1    #......


Dungeon Overview and Level Annotations

Branches:
Dungeon (1/1)

Altars:
Makhleb


Innate Abilities, Weirdness & Mutations

Your are under a permanent stasis effect.
You can dig through walls and to a lower floor.
Your four strong arms can wield two-handed weapons with a shield.
You have a pair of large antennae on your head (SInv).


Message History

Increase (S)trength, (I)ntelligence, or (D)exterity?
You feel agile.
You have reached level 10!
You have reached level 11!
You hear a shout! x7
The meat berserker appears out of thin air!
A meat berserker comes into view. It is wielding a +9,+9 battleaxe.
You hear a shout! x8
The meat berserker rages.
You hear a shout! x7
The meat berserker rages.
You hear a shout! 2 ogres come into view.
Unknown command.
A meat berserker comes into view. It is wielding a +9,+9 battleaxe.
The meat berserker shouts!
You hear a shout!
You hear a shout!
You hear a shout!
The meat berserker hits you with a +9,+9 battleaxe!!!!
Ouch! That really hurt!
You die...

... ...... ......o
......... #.......#
. #.......# ...
.###.. ...O###....
......###oO........
......_.)@........
..#.....#.......#
#_.<.O#.......
#...o.#......#
......_..........
......###......O.
.###.. ...###.. #..
...# . #. ...#


You could see 4 meat berserkers and 3 bags of meat.

Vanquished Creatures
  An ogre (D)
1 creature vanquished.

Notes
Turn   | Place    | Note
--------------------------------------------------------------
     0 | D        | Infinimo, the Formicid Earth Elementalist, began the quest for the Orb.
     0 | D        | Reached XP level 1. HP: 13/13 MP: 3/3
     3 | D        | Noticed a bag of meat
     3 | D        | Noticed a meat berserker
     3 | D        | Became a worshipper of Makhleb the Destroyer
     6 | D        | Noticed a bag of meat
     7 | D        | Noticed a meat berserker
     7 | D        | Killed a meat berserker
     7 | D        | Reached skill level 24 in Axes
     7 | D        | Reached XP level 2. HP: 19/19 MP: 5/5
     7 | D        | Reached XP level 3. HP: 24/24 MP: 7/7
     7 | D        | Reached XP level 4. HP: 30/30 MP: 8/8
     7 | D        | Reached XP level 5. HP: 35/35 MP: 11/11
     7 | D        | Reached XP level 6. HP: 41/41 MP: 12/12
     7 | D        | Reached XP level 7. HP: 46/46 MP: 14/14
     7 | D        | Reached XP level 8. HP: 52/52 MP: 16/16
     7 | D        | Reached XP level 9. HP: 57/57 MP: 18/18
     7 | D        | Reached XP level 10. HP: 63/63 MP: 18/18
     7 | D        | Reached XP level 11. HP: 68/68 MP: 20/20
     8 | D        | Noticed a meat berserker
     8 | D        | Noticed a meat berserker
     8 | D        | Noticed a meat berserker
     8 | D        | Mangled by a meat berserker

Action                   |  1- 3 |  4- 6 |  7- 9 | 10-12 || total
-------------------------+-------+-------+-------+-------++-------
Melee: Executioner's axe |     1 |       |       |       ||     1
